 Dungeon Crawl Stone Soup version 0.30.0-19-g36f170ea60 (webtiles) character file.

Game seed: 14257692514966344244

100 Peloso the Slasher (level 4, 0/40 HPs)
             Began as a Minotaur Fighter on June 1, 2023.
             Killed by nerve-wracking pain
             ... invoked by Grinder
              (10 damage)
             ... on level 3 of the Dungeon.
             The game lasted 00:04:13 (1788 turns).

Peloso the Slasher (Minotaur Fighter)               Turns: 1788, Time: 00:04:14

Health: 0/40       AC: 10    Str: 21    XL:     4   Next: 46%
Magic:  3/3        EV:  7    Int:  5    God:
Gold:   90         SH:  8    Dex: 11    Spells: 3/3 levels left

rFire   . . .        a - +0 falchion (freeze)
rCold   . . .        d - +0 kite shield
rNeg    . . .        m - +0 chain mail
rPois   +            (helmet restricted)
rElec   .            (no cloak)
rCorr   .            c - +0 pair of gloves
SInv    .            (no boots)
Will    .....        (no amulet) Stlth
                     i - ring of poison resistance
HPRegen 0.26/turn    (no ring)
MPRegen 0.08/turn

%: no passive effects
@: no status effects
A: horns 2, retaliatory headbutt
a: no special abilities


You were on level 3 of the Dungeon.
You visited 1 branch of the dungeon, and saw 3 of its levels.

You collected 90 gold pieces.

Inventory:

Hand Weapons
 a - a +0 falchion of freezing (weapon)
Armour
 b - a +0 scale mail
 c - a +0 pair of gloves (worn)
 d - a +0 kite shield (worn)
 m - a +0 chain mail (worn)
Jewellery
 i - a ring of poison resistance (left hand)
Wands
 q - a wand of flame (21)
Scrolls
 k - a scroll of teleportation {unknown}
 o - a scroll of magic mapping {unknown}
 p - a scroll of identify
 r - a scroll of enchant weapon {unknown}
Potions
 e - a potion of might
 f - a potion of resistance
 g - a potion of haste
 h - 2 potions of flight
 j - a potion of mutation
 l - 2 potions of heal wounds {unknown}
 n - a potion of curing {unknown}


   Skills:
 + Level 4.0 Fighting
 + Level 4.4 Long Blades
 + Level 4.0 Armour
 + Level 0.2 Dodging
 + Level 4.4 Shields


You had 3 spell levels left.
You didn't know any spells.
Your spell library contained the following spells:

 Spells                   Type           Power      Damage    Failure   Level
 Shock                    Conj/Air       0%         1d3       100%        1
 Frozen Ramparts          Ice            0%         1d1       100%        3
 Swiftness                Air            0%         N/A       100%        3
 Airstrike                Air            0%         2d(0-16)  100%        4
 Ice Form                 Ice/Tmut       0%         N/A       100%        4
 Summon Ice Beast         Ice/Summ       0%         N/A       100%        4


Dungeon Overview and Level Annotations

Branches:
Dungeon (3/15)

Altars:

Annotations:
D:3 Grinder


Innate Abilities, Weirdness & Mutations

You have a pair of horns on your head.
You reflexively headbutt those who attack you in melee.


Message History

You hit Grinder.
Grinder is lightly wounded.
Grinder says, "There's only one good use for a tongue: cutting it out."
Grinder gestures at you. Pain shoots through your body!
Unknown command.
You hit Grinder but do no damage.
Grinder is lightly wounded.
You block Grinder's attack. Grinder hits you.
You writhe in agony.
You barely miss Grinder. Your headbutt misses Grinder.
Grinder is lightly wounded.
Grinder hits you but does no damage.
You hit Grinder but do no damage.
Grinder is lightly wounded.
Grinder hits you but does no damage.
You hit Grinder.
Grinder is lightly wounded.
Grinder closely misses you.
Unknown command.
You hit Grinder.
Grinder is moderately wounded.
Grinder gestures at you. You resist with significant effort.
Unknown command.
You barely miss Grinder.
Grinder is moderately wounded.
Grinder grins, showing sharp teeth.
Grinder hits you!
You writhe in agony.
Grinder hits you.
* * * LOW HITPOINT WARNING * * *
Unknown command.
You closely miss Grinder.
Grinder is moderately wounded.
Grinder gestures at you. You resist with significant effort.
Unknown command.
You closely miss Grinder.
Grinder is moderately wounded.
Grinder gestures at you. Pain shoots through your body!
You die...

##.....##. ##.†.###.
##..# #.
#########..###.
#..........##..
#.#######.##.##
##########.# #....#
..........)##########.#
......5@..............#
#######################


You could see Grinder.

Vanquished Creatures
  Natasha (D:3)
  3 adders
  2 worms
  A dart slug (D:1)
  An orc (D:3)
  7 bats
  2 endoplasms
  A goblin (D:3)
  4 hobgoblins
  4 kobolds (D:2)
  A quokka (D:1)
  5 ball pythons
  5 frilled lizards
  5 rats
42 creatures vanquished.

Notes
Turn   | Place    | Note
-------+----------+-------------------------------------------
     0 | D:1      | Peloso the Minotaur Fighter began the quest for the Orb.
     0 | D:1      | Reached XP level 1. HP: 19/19 MP: 0/0
   395 | D:1      | Reached XP level 2. HP: 27/27 MP: 1/1
   676 | D:1      | Found a faded altar of an unknown god.
  1155 | D:2      | Reached XP level 3. HP: 33/33 MP: 2/2
  1441 | D:2      | You fall into a shaft and drop 1 floor!
  1705 | D:3      | Noticed Natasha
  1713 | D:3      | Killed Natasha
  1714 | D:3      | Reached XP level 4. HP: 37/40 MP: 3/3
  1774 | D:3      | Noticed Grinder
  1775 | D:3      | Paralysed by Grinder for 3 turns
  1788 | D:3      | Killed from afar by Grinder

Illustrated notes

Levels and vault maps discovered:
D:1:      dpeg_arrival_castle, layout_basic, ebering_ecumenical_altar_petrified
D:2:      minmay_kobold_bridge, layout_basic, basic_altar, minmay_heptomino_h4
D:3:      layout_loops_ring, lemuel_round_altar, minivault_4, minivault_26,
          uniq_grinder, uniq_natasha

Skill      XL: |  1  2  3  4 |
---------------+-------------+-----
Long Blades    | 3 4 |  4.4
Shields        | 4 |  4.4
Armour         | 4 |  4.0
Fighting       | 4 |  4.0
Dodging        | |  0.2

Action                     |  1- 3 |  4- 6 || total
---------------------------+-------+-------++-------
  Melee: Long sword        |    50 |       ||    50
         Headbutt          |     9 |     4 ||    13
         Falchion          |    34 |    19 ||    53
    Use: Scroll            |     3 |       ||     3
         Potion            |     2 |       ||     2
 Armour: Scale mail        |    45 |       ||    45
         Chain mail        |    28 |     6 ||    34
  Dodge: Dodged            |    37 |     2 ||    39
  Block: Buckler           |    18 |       ||    18
         Kite shield       |     6 |     8 ||    14
